 Dungeon Crawl Stone Soup version 0.22.0-27-ga576289601 (webtiles) character file.

2737 Flugkiller the Cleaver (level 9, -3/82 HPs)
             Began as a Deep Dwarf Fighter on Aug 22, 2018.
             Was an Initiate of Makhleb.
             Killed from afar by Maurice (17 damage)
             ... with a wand of acid (3)
             ... on level 9 of the Dungeon.
             The game lasted 00:04:20 (4765 turns).

Flugkiller the Cleaver (Deep Dwarf Fighter)         Turns: 4765, Time: 00:04:20

Health: -3/82      AC:  9    Str: 23    XL:     9   Next: 40%
Magic:  4/4        EV:  6    Int:  9    God:    Makhleb [......]
Gold:   409        SH: 10    Dex: 12    Spells: 8/8 levels left

rFire    . . .     SeeInvis .   a - +0 war axe
rCold    + . .     Gourm    .   c - +0 shield
rNeg     . . .     Faith    .   l - +0 plate armour
rPois    .         Spirit   .   (no helmet)
rElec    .         Reflect  .   (no cloak)
rCorr    .         Harm     .   (no gloves)
MR       +....                  (no boots)
Stlth    ..........             (no amulet)
HPRegen  0.00/turn              k - ring of protection from cold
MPRegen  0.09/turn              (no ring)

@: corroded, non-regenerating
A: damage resistance, heal wounds, sense surroundings 2, no regeneration
a: Heal Wounds, Renounce Religion


You were on level 9 of the Dungeon.
You worshipped Makhleb.
Makhleb was noncommittal.
You were not hungry.

You visited 2 branches of the dungeon, and saw 10 of its levels.

You collected 409 gold pieces.

Inventory:

Hand Weapons
 a - a +0 war axe (weapon)
Missiles
 n - a throwing net (quivered)
Armour
 c - a +0 shield (worn)
 l - a +0 plate armour (worn)
Jewellery
 k - a ring of protection from cold (left hand)
Wands
 b - a wand of digging (15)
 g - a wand of scattershot (5)
Scrolls
 e - a scroll of identify {unknown}
 h - a scroll of teleportation {unknown}
 j - 2 scrolls of enchant weapon {unknown}
Potions
 d - a potion of might
Comestibles
 f - 8 rations
 m - 7 chunks of flesh


   Skills:
 + Level 6.1 Fighting
 * Level 9.5 Axes
 + Level 7.3 Armour
 + Level 2.7 Dodging
 + Level 4.5 Shields
 + Level 3.3 Invocations


You had 8 spell levels left.
You didn't know any spells.
Your spell library contained the following spells:

 Spells                   Type           Power        Failure   Level  Hunger
 Shock                    Conj/Air       #...         100%        1    ##.....
 Swiftness                Chrm/Air       #.......     100%        2    ###....
 Static Discharge         Conj/Air       #.......     100%        3    ####...
 Airstrike                Air            #.........   100%        4    #####..
 Lightning Bolt           Conj/Air       #.........   100%        5    ######.


Dungeon Overview and Level Annotations

Branches:
Dungeon (9/15)             Temple (1/1) D:6            Lair (0/6) D:8
    Orc: D:9-12

Altars:
Cheibriados
Dithmenos
Elyvilon
Fedhas
Gozag
Hepliaklqana
Kikubaaqudgha
Makhleb
Nemelex Xobeh
Qazlal
Ru
Sif Muna
Trog
Vehumet
Wu Jian
Zin
Beogh

Shops:
D:5 *

Annotations:
D:3 2 transporters, antte's ghost, amateur DEAM
D:7 2 transporters, exclusion: statue, puimuR's ghost, novice HOMo
D:9 Maurice


Innate Abilities, Weirdness & Mutations

You are resistant to damage.
You can heal yourself by infusing magical energy.
You passively map the area around you.
You do not regenerate.


Message History

Maurice steals your uncursed ring of fire!
Maurice puts on an uncursed ring of fire.
You miss Maurice.
Maurice zaps a wand.
The bolt of acid hits you!
* * * LOW HITPOINT WARNING * * *
You are splashed with acid!
The acid burns!
* * * LOW HITPOINT WARNING * * *
You slash Maurice!
Maurice is lightly wounded.
Maurice barely misses you.
You feel much better.
Maurice zaps a wand.
The bolt of acid hits you!
* * * LOW HITPOINT WARNING * * *
The acid corrodes you!
You are splashed with acid!
The acid burns!
* * * LOW HITPOINT WARNING * * *
You hit Maurice but do no damage.
Maurice is lightly wounded.
You block Maurice's attack.
You hit Maurice.
Maurice is lightly wounded.
Maurice zaps a wand.
The bolt of acid hits you!
You die...

, ,, * ** ** * , **
**, , * * * * , *, *
###+##### * *
........# ** ,
........# , , * *
,........########*,
,.......@@......# ,,
* .=......######.# ,
..##...## #.# , , ,
, , , #....
####.##+####+ ,
#.#.. ###...........
*, ,
+....##.....#######.
,,, , #.....+.....#,
* ##....#.....#
*,,,, #.!.....##'#
**


You could see Maurice.

Vanquished Creatures
  A hippogriff (D:9)
  A hungry ghost (D:8)
  Edmund (D:6)
  Duvessa (D:4)
  2 orc warriors
  An ice beast (D:5)
  4 centaurs
  3 ogres
  2 bullfrogs
  A gnoll sergeant (D:6)
  Dowan (D:4)
  2 scorpions
  A howler monkey (D:4)
  3 crimson imps
  A jelly (D:8)
  2 bullfrog skeletons
  3 orc priests (D:8)
  5 hounds
  6 orc wizards
  A centaur skeleton (D:9)
  An iguana (D:8)
  3 worker ants
  A hound zombie (D:8)
  A hound skeleton (D:5)
  9 gnolls
  10 adders
  A shadow imp (D:5)
  An adder skeleton (D:6)
  3 worms
  A dart slug (D:2)
  4 leopard geckos
  14 orcs
  4 bats
  A hobgoblin (D:3)
  8 jackals
  3 quokkas
  A ball python (D:1)
  3 frilled lizards
  5 goblins
  4 kobolds
  A leopard gecko skeleton (D:7)
  A quokka zombie (D:7)
122 creatures vanquished.

Notes
Turn   | Place    | Note
-------+----------+-------------------------------------------
     0 | D:1      | Flugkiller the Deep Dwarf Fighter began the quest for the Orb.
     0 | D:1      | Reached XP level 1. HP: 20/20 MP: 1/1
    88 | D:1      | Reached XP level 2. HP: 27/27 MP: 2/2
   187 | D:2      | Found a white marble altar of Elyvilon.
   215 | D:2      | Reached skill level 3 in Axes
   378 | D:3      | Reached XP level 3. HP: 30/34 MP: 3/3
   426 | D:3      | Found a sacrificial altar of Ru.
   459 | D:3      | Reached XP level 4. HP: 13/42 MP: 4/4
   553 | D:3      | Found a transporter.
   557 | D:3      | Found a transporter.
   557 | D:3      | Noticed an ogre
   557 | D:3      | Noticed antte's ghost (amateur DEAM)
   741 | D:3      | Noticed an ogre
  1039 | D:4      | Reached skill level 4 in Axes
  1082 | D:4      | Noticed an ogre
  1099 | D:4      | Killed an ogre
  1099 | D:4      | Reached XP level 5. HP: 37/50 MP: 4/4
  1108 | D:4      | Reached skill level 5 in Axes
  1115 | D:4      | Reached XP level 6. HP: 43/57 MP: 5/5
  1320 | D:4      | Noticed Dowan
  1321 | D:4      | Noticed Duvessa
  1335 | D:4      | Killed Duvessa
  1335 | D:4      | Reached skill level 6 in Axes
  1335 | D:4      | Reached skill level 5 in Armour
  1344 | D:4      | Killed Dowan
  1344 | D:4      | Reached XP level 7. HP: 28/64 MP: 6/6
  1515 | D:5      | Entered Level 5 of the Dungeon
  1627 | D:5      | Found Zuleifiwu's Assorted Antiques.
  1690 | D:5      | Reached skill level 7 in Axes
  1820 | D:5      | Reached skill level 5 in Fighting
  1820 | D:5      | Reached XP level 8. HP: 52/74 MP: 6/6
  2182 | D:6      | Reached skill level 8 in Axes
  2230 | D:6      | Found an ancient bone altar of Kikubaaqudgha.
  2230 | D:6      | Found a glowing silver altar of Zin.
  2397 | D:6      | Found a deep blue altar of Sif Muna.
  2535 | D:6      | Found a staircase to the Ecumenical Temple.
  2540 | D:6      | Noticed Edmund
  2563 | D:6      | Killed Edmund
  2575 | Temple   | Entered the Ecumenical Temple
  2701 | Temple   | Became a worshipper of Makhleb the Destroyer
  3205 | D:7      | Reached skill level 1 in Invocations
  3269 | D:7      | Reached skill level 1 in Dodging
  3370 | D:7      | Found a transporter.
  3477 | D:7      | Reached skill level 9 in Axes
  3538 | D:7      | Noticed puimuR's ghost (novice HOMo)
  3551 | D:7      | Found a transporter.
  3671 | D:7      | Found a radiant altar of Vehumet.
  3993 | D:8      | Gained mutation: You passively map the area around you. [Deep Dwarf growth]
  3993 | D:8      | Reached XP level 9. HP: 66/82 MP: 5/5
  4035 | D:8      | Found a staircase to the Lair.
  4414 | D:8      | Found a roughly hewn altar of Beogh.
  4545 | D:8      | Found a sparkling altar of Nemelex Xobeh.
  4546 | D:8      | Found an opulent altar of Gozag.
  4750 | D:9      | Noticed Maurice
  4765 | D:9      | Killed from afar by Maurice

Skill      XL: |  1  2  3  4  5  6  7  8  9 |
---------------+----------------------------+-----
Axes           | 3 4 5 6 7 9 |  9.5
Fighting       | 3 4 5 6 |  6.1
Armour         | 4 5 6 7 |  7.3
Invocations    | 2 3 |  3.3
Dodging        | 1 2 |  2.7
Shields        | 4 |  4.5

Action                   |  1- 3 |  4- 6 |  7- 9 || total
-------------------------+-------+-------+-------++-------
Melee: War axe           |   111 |   118 |   356 ||   585
 Abil: Heal Wounds       |       |     7 |    15 ||    22
  Eat: Ration            |       |     1 |     2 ||     3
       Chunk             |       |       |    11 ||    11
Armor: Scale mail        |    39 |     7 |       ||    46
       Chain mail        |       |    68 |     7 ||    75
       Plate armour      |       |       |   171 ||   171
Dodge: Dodged            |    39 |    34 |    65 ||   138
Block: Shield            |    62 |    79 |   165 ||   306
